%YAML 1.1
%TAG !u! tag:unity3d.com,2011:
--- !u!1 &8604008170073606550
GameObject:
  m_ObjectHideFlags: 0
  m_CorrespondingSourceObject: {fileID: 0}
  m_PrefabInstance: {fileID: 0}
  m_PrefabAsset: {fileID: 0}
  serializedVersion: 6
  m_Component:
  - component: {fileID: 8604008170073606545}
  - component: {fileID: 8604008170073606544}
  - component: {fileID: 8604008170073606551}
  m_Layer: 0
  m_Name: Collection Fake
  m_TagString: Untagged
  m_Icon: {fileID: 1206586993520771344, guid: 0000000000000000d000000000000000, type: 0}
  m_NavMeshLayer: 0
  m_StaticEditorFlags: 0
  m_IsActive: 1
--- !u!4 &8604008170073606545
Transform:
  m_ObjectHideFlags: 0
  m_CorrespondingSourceObject: {fileID: 0}
  m_PrefabInstance: {fileID: 0}
  m_PrefabAsset: {fileID: 0}
  m_GameObject: {fileID: 8604008170073606550}
  m_LocalRotation: {x: 0, y: 0, z: 0, w: 1}
  m_LocalPosition: {x: 21.5, y: -2, z: -443.63086}
  m_LocalScale: {x: 1, y: 1, z: 1}
  m_ConstrainProportionsScale: 0
  m_Children:
  - {fileID: 3875754352807752105}
  m_Father: {fileID: 0}
  m_RootOrder: 1
  m_LocalEulerAnglesHint: {x: 0, y: 0, z: 0}
--- !u!114 &8604008170073606544
MonoBehaviour:
  m_ObjectHideFlags: 0
  m_CorrespondingSourceObject: {fileID: 0}
  m_PrefabInstance: {fileID: 0}
  m_PrefabAsset: {fileID: 0}
  m_GameObject: {fileID: 8604008170073606550}
  m_Enabled: 1
  m_EditorHideFlags: 0
  m_Script: {fileID: 11500000, guid: 80c1eb744f3ce65449bd748c7dabf531, type: 3}
  m_Name: 
  m_EditorClassIdentifier: 
  Real: {fileID: 3875754352807752100}
--- !u!58 &8604008170073606551
CircleCollider2D:
  m_ObjectHideFlags: 0
  m_CorrespondingSourceObject: {fileID: 0}
  m_PrefabInstance: {fileID: 0}
  m_PrefabAsset: {fileID: 0}
  m_GameObject: {fileID: 8604008170073606550}
  m_Enabled: 1
  m_Density: 1
  m_Material: {fileID: 0}
  m_IsTrigger: 1
  m_UsedByEffector: 0
  m_UsedByComposite: 0
  m_Offset: {x: 0, y: 0}
  serializedVersion: 2
  m_Radius: 0.4
--- !u!1001 &8604008169685361611
PrefabInstance:
  m_ObjectHideFlags: 0
  serializedVersion: 2
  m_Modification:
    serializedVersion: 2
    m_TransformParent: {fileID: 8604008170073606545}
    m_Modifications:
    - target: {fileID: 4805026156277404258, guid: 1d7d5469da9b2aa4db8ac67e628146fd, type: 3}
      propertyPath: m_RootOrder
      value: -1
      objectReference: {fileID: 0}
    - target: {fileID: 4805026156277404258, guid: 1d7d5469da9b2aa4db8ac67e628146fd, type: 3}
      propertyPath: m_LocalScale.x
      value: 1
      objectReference: {fileID: 0}
    - target: {fileID: 4805026156277404258, guid: 1d7d5469da9b2aa4db8ac67e628146fd, type: 3}
      propertyPath: m_LocalScale.y
      value: -1
      objectReference: {fileID: 0}
    - target: {fileID: 4805026156277404258, guid: 1d7d5469da9b2aa4db8ac67e628146fd, type: 3}
      propertyPath: m_LocalPosition.x
      value: 0
      objectReference: {fileID: 0}
    - target: {fileID: 4805026156277404258, guid: 1d7d5469da9b2aa4db8ac67e628146fd, type: 3}
      propertyPath: m_LocalPosition.y
      value: -9
      objectReference: {fileID: 0}
    - target: {fileID: 4805026156277404258, guid: 1d7d5469da9b2aa4db8ac67e628146fd, type: 3}
      propertyPath: m_LocalPosition.z
      value: 443.63086
      objectReference: {fileID: 0}
    - target: {fileID: 4805026156277404258, guid: 1d7d5469da9b2aa4db8ac67e628146fd, type: 3}
      propertyPath: m_LocalRotation.w
      value: 1
      objectReference: {fileID: 0}
    - target: {fileID: 4805026156277404258, guid: 1d7d5469da9b2aa4db8ac67e628146fd, type: 3}
      propertyPath: m_LocalRotation.x
      value: -0
      objectReference: {fileID: 0}
    - target: {fileID: 4805026156277404258, guid: 1d7d5469da9b2aa4db8ac67e628146fd, type: 3}
      propertyPath: m_LocalRotation.y
      value: -0
      objectReference: {fileID: 0}
    - target: {fileID: 4805026156277404258, guid: 1d7d5469da9b2aa4db8ac67e628146fd, type: 3}
      propertyPath: m_LocalRotation.z
      value: -0
      objectReference: {fileID: 0}
    - target: {fileID: 4805026156277404258, guid: 1d7d5469da9b2aa4db8ac67e628146fd, type: 3}
      propertyPath: m_LocalEulerAnglesHint.x
      value: 0
      objectReference: {fileID: 0}
    - target: {fileID: 4805026156277404258, guid: 1d7d5469da9b2aa4db8ac67e628146fd, type: 3}
      propertyPath: m_LocalEulerAnglesHint.y
      value: 0
      objectReference: {fileID: 0}
    - target: {fileID: 4805026156277404258, guid: 1d7d5469da9b2aa4db8ac67e628146fd, type: 3}
      propertyPath: m_LocalEulerAnglesHint.z
      value: 0
      objectReference: {fileID: 0}
    - target: {fileID: 4805026156277404269, guid: 1d7d5469da9b2aa4db8ac67e628146fd, type: 3}
      propertyPath: m_Color.b
      value: 0.98039216
      objectReference: {fileID: 0}
    - target: {fileID: 4805026156277404269, guid: 1d7d5469da9b2aa4db8ac67e628146fd, type: 3}
      propertyPath: m_Color.g
      value: 0.8901961
      objectReference: {fileID: 0}
    - target: {fileID: 4805026156277404269, guid: 1d7d5469da9b2aa4db8ac67e628146fd, type: 3}
      propertyPath: m_Color.r
      value: 0.5686275
      objectReference: {fileID: 0}
    - target: {fileID: 4805026156277404269, guid: 1d7d5469da9b2aa4db8ac67e628146fd, type: 3}
      propertyPath: m_SortingOrder
      value: 2
      objectReference: {fileID: 0}
    - target: {fileID: 4805026156277404271, guid: 1d7d5469da9b2aa4db8ac67e628146fd, type: 3}
      propertyPath: m_Name
      value: Gem (4)
      objectReference: {fileID: 0}
    m_RemovedComponents: []
    m_AddedGameObjects: []
  m_SourcePrefab: {fileID: 100100000, guid: 1d7d5469da9b2aa4db8ac67e628146fd, type: 3}
--- !u!1 &3875754352807752100 stripped
GameObject:
  m_CorrespondingSourceObject: {fileID: 4805026156277404271, guid: 1d7d5469da9b2aa4db8ac67e628146fd, type: 3}
  m_PrefabInstance: {fileID: 8604008169685361611}
  m_PrefabAsset: {fileID: 0}
--- !u!4 &3875754352807752105 stripped
Transform:
  m_CorrespondingSourceObject: {fileID: 4805026156277404258, guid: 1d7d5469da9b2aa4db8ac67e628146fd, type: 3}
  m_PrefabInstance: {fileID: 8604008169685361611}
  m_PrefabAsset: {fileID: 0}
